 Dungeon Crawl Stone Soup version 0.24-a0-619-gb7544fd237 (webtiles) character file.

Game seed: 5958219589916048102, levelgen mode: deterministic

18 Oninnaise the Ruffian (level 2, -1/16 HPs)
             Began as a Vine Stalker Chaos Knight on Sept 18, 2019.
             Was a Plaything of Xom.
             Slain by a goblin
             ... wielding a +0 dagger
              (2 damage)
             ... on level 1 of the Dungeon.
             The game lasted 00:01:47 (255 turns).

Oninnaise the Ruffian (Vine Stalker Chaos Knight)    Turns: 255, Time: 00:01:47

Health: -1/16      AC:  5    Str: 14    XL:     2   Next: 66%
Magic:  0/3        EV: 11    Int: 12    God:    Xom [..*...]
Gold:   29         SH:  0    Dex: 13    Spells: 1/1 levels left

rFire    . . .     SeeInvis .     - Unarmed
rCold    . . .     Gourm    .   (no shield)
rNeg     . . .     Faith    .   a - +2 leather armour
rPois    .         Spirit   +   (no helmet)
rElec    .         Reflect  .   (no cloak)
rCorr    .         Harm     .   (no gloves)
MR       .....                  (no boots)
Stlth    +.........             (no amulet)
HPRegen  0.05/turn              (no ring)
MPRegen  0.08/turn              (no ring)

@: no status effects
A: fangs 2, magic shield, antimagic bite, no potion heal 3, rot immunity
a: Renounce Religion


You were on level 1 of the Dungeon.
You worshipped Xom.
You were a toy of Xom.
You were not hungry.

You visited 1 branch of the dungeon, and saw 1 of its levels.

You collected 29 gold pieces.

Inventory:

Armour
 a - a +2 leather armour (worn)
Jewellery
 d - an uncursed ring of fire {unknown}
Potions
 c - a potion of haste {unknown}
 e - a potion of magic {unknown}
Comestibles
 b - a ration


   Skills:
 + Level 2.9 Fighting
 + Level 1.7 Armour
 + Level 0.9 Dodging
 + Level 3.4 Unarmed Combat


You had one spell level left.
You didn't know any spells.
Your spell library was empty.

Dungeon Overview and Level Annotations

Branches:
Dungeon (1/15)

Altars:


Innate Abilities, Weirdness & Mutations

You have extremely sharp teeth.
When hurt, damage is shared between your health and your magic reserves.
Your bite disrupts and absorbs the magic of your enemies.
Potions cannot restore your health.
You are immune to rotting.


Message History

The bat hits you but does no damage. x2
You hit the bat.
The bat is heavily wounded.
The bat barely misses you. The kobold hits you but does no damage.
The bat hits you but does no damage. x2
The bat hits you but does no damage. The bat hits you.
* * * LOW HITPOINT WARNING * * *
The bat hits you but does no damage. The kobold misses you.
The bat closely misses you.
You hit the bat.
You kill the bat!
The kobold misses you. The goblin hits you with a +0 dagger.
* * * LOW HITPOINT WARNING * * *
The kobold hits you with a +0 short sword.
* * * LOW HITPOINT WARNING * * *
The goblin hits you with a +0 dagger.
You see here a bat corpse.
The goblin hits you with a +0 dagger.
You die...

#.....####.##........##
#..........##.........
#....#########.......##
#(...#########.....###.
#...........##...###...
#.[.........##.......##
##..........##.....###.
#............>..### K
#....@K...........###
#....g†.............##
#....(.....#####......
#.....>....# ###....
#..........# #...#
#..........# #...#
###.....####### #...#
#####...........########
.......................


You could see a goblin and a kobold.

Vanquished Creatures
  A leopard gecko (D:1)
  2 bats (D:1)
  3 hobgoblins (D:1)
  3 frilled lizards (D:1)
  3 goblins (D:1)
  2 kobolds (D:1)
  2 rats (D:1)
16 creatures vanquished.

Notes
Turn   | Place    | Note
-------+----------+-------------------------------------------
     0 | D:1      | Oninnaise the Vine Stalker Chaos Knight began the quest for
                  | the Orb.
     0 | D:1      | Reached XP level 1. HP: 11/11 MP: 2/2
    46 | D:1      | XOM: divination: detect creatures
    46 | D:1      | XOM: butterfly on damage
    99 | D:1      | XOM: harmless Chrm miscast
   102 | D:1      | Reached XP level 2. HP: 11/16 MP: 3/3
   226 | D:1      | XOM: harmless Fire miscast
   255 | D:1      | Slain by a goblin

Levels and vault maps discovered:
D:1:      scummos_arrival_gate, layout_basic, minmay_unequal

Action                   || total
-------------------------++-------
Melee: Unarmed           ||    47
       Bite              ||     8
Armor: Leather armour    ||    36
Dodge: Dodged            ||    47

Table legend:
 A = Non-vault XP
 B = Vault XP
 C = Vault XP percentage of total XP
 D = Non-vault monster count
 E = Vault monster count
 F = Vault count percentage of total count
                 A         B        C        D         E       F
            +---------+---------+-------+---------+---------+-------
      Total |      24 |       2 |   7.7 |      15 |       1 |   6.2
            +---------+---------+-------+---------+---------+-------
        D:1 |      24 |       2 |   7.7 |      15 |       1 |   6.2
            +---------+---------+-------+---------+---------+-------
